Map: Dusk Towers

Players

Miszu

  • Race: Protoss Protoss
  • League: Grandmaster

Bowman - Winner!

  • Race: Protoss Protoss
  • League: Grandmaster

VOD

Have the link to the VOD?

Description

Time

  • Played on: April 8, 2016, 6:45 p.m.
  • Length: 12:49
Show
View Real Time Build Order
Export as new Build Order

Miszu Protoss 

Build Orders:  

Get SALT Encoding   

  12  0:02  Probe (Chrono Boost)  
  13  0:13  Probe (Chrono Boost)  
  14  0:21  Pylon  
  14  0:23  Probe (Chrono Boost)  
  15  0:39  Probe (Chrono Boost)  
  15  0:42  Gateway  
  17  0:50  Probe (Chrono Boost)  
  17  0:51  Assimilator  
  17  1:00  Probe (Chrono Boost)  
  18  1:08  Gateway  
  18  1:11  Probe (Chrono Boost)  
  19  1:12  Assimilator  
  19  1:21  Probe (Chrono Boost)  
  20  1:30  Cybernetics Core  
  20  1:32  Probe (Chrono Boost)  
  21  1:43  Pylon  
  21  1:44  Probe (Chrono Boost)  
  22  1:57  Probe (Chrono Boost)  
  23  2:06  Adept x2  
  23  2:07  Warp Gate (Chrono Boost)  
  27  2:12  Pylon  
  27  2:13  Mothership Core  
  29  2:33  Adept  
  29  2:34  Adept  
  33  2:53  Nexus  
  37  3:19  Probe  
  38  3:24  Robotics Facility  
  38  3:31  Probe  
  39  3:48  Pylon  
  39  3:50  Probe  
  36  3:58  Gateway  
  36  4:00  Pylon  
  36  4:04  Twilight Council  
  36  4:05  Stalker x2  
  36  4:07  Probe  
  36  4:08  Probe  
  42  4:19  Observer, Probe x2  
  46  4:31  Probe  
  46  4:35  Probe  
  43  4:41  Stalker  
  43  4:43  Probe  
  46  4:45  Pylon, Probe  
  46  4:52  Blink (Chrono Boost)  
  47  4:55  Probe  
  48  5:01  Probe  
  48  5:03  Robotics Bay  
  49  5:10  Stalker  
  49  5:13  Stalker  
  53  5:16  Probe  
  53  5:18  Probe  
  55  5:22  Pylon  
  55  5:34  Probe  
  53  5:36  Probe  
  55  5:45  Probe  
  55  5:48  Probe  
  57  5:55  Probe, Assimilator  
  55  5:57  Disruptor  
  55  6:00  Stalker x3, Probe  
  55  6:21  Probe  
  55  6:22  Probe  
  56  6:31  Probe  
  55  6:34  Probe, Assimilator  
  55  6:35  Stalker x3  
  63  6:42  Probe  
  63  6:46  Probe  
  65  6:52  Probe  
  66  6:56  Forge  
  66  6:57  Disruptor  
  66  7:00  Probe  
  70  7:04  Pylon  
  70  7:08  Probe  
  71  7:21  Probe  
  71  7:22  Probe  
  73  7:25  Pylon  
  73  7:34  Observer  
  73  7:36  Probe  
  75  7:39  Nexus, Probe  
  76  7:45  Protoss Ground Weapons Level 1  
  76  7:48  Probe  
  76  7:50  Probe  
  77  7:54  Pylon  
  78  8:00  Probe x2  
  80  8:11  Probe  
  80  8:12  Photon Cannon, Probe  
  81  8:14  Photon Cannon  
  81  8:19  Disruptor (Chrono Boost)  
  82  8:23  Stalker x2  
  89  8:29  Pylon  
  89  8:38  Gateway  
  89  8:55  Disruptor (Chrono Boost)  
  92  8:56  Gateway  
  92  8:59  Gateway  
  92  9:04  Robotics Facility  
  92  9:06  Pylon  
  92  9:14  Dark Shrine  
  92  9:19  Probe  
  92  9:20  Probe  
  92  9:21  Probe  
  95  9:26  Warp Prism (Chrono Boost)  
  95  9:29  Photon Cannon  
  95  9:30  Probe x2  
  97  9:33  Probe  
  97  9:37  Stalker  
  97  9:38  Stalker  
  104  9:40  Stalker  
  104  9:41  Pylon  
  109  9:57  Disruptor (Chrono Boost)  
  107  10:11  Stalker x4  
  119  10:14  Immortal (Chrono Boost)  
  116  10:47  Dark Templar x4  
  124  10:52  Pylon  
  124  10:53  Immortal (Chrono Boost)  
  132  10:58  Immortal (Chrono Boost)  
  130  11:08  Zealot  
  130  11:09  Zealot  
  107  11:25  Probe  
  107  11:27  Probe x2  
  101  11:37  Probe x2  
  101  11:38  Probe  
  104  11:42  Disruptor (Chrono Boost)  
  104  11:46  Disruptor (Chrono Boost)  
  110  11:49  Probe  
  89  12:01  Zealot x4  
  89  12:02  Zealot x2  
  62  12:24  Dark Templar x2  
  62  12:25  Dark Templar x2, Zealot  
  62  12:26  Zealot  
Show
View Real Time Build Order
Export as new Build Order

Bowman Protoss - Winner!

Build Orders:  

Get SALT Encoding   

  12  0:08  Probe (Chrono Boost)  
  13  0:18  Probe (Chrono Boost)  
  13  0:19  Pylon  
  14  0:29  Probe (Chrono Boost)  
  15  0:39  Gateway, Probe (Chrono Boost)  
  16  0:45  Assimilator  
  16  0:50  Probe (Chrono Boost)  
  17  1:01  Probe (Chrono Boost)  
  17  1:02  Assimilator  
  19  1:11  Probe (Chrono Boost)  
  19  1:22  Probe (Chrono Boost)  
  20  1:26  Cybernetics Core  
  20  1:32  Probe (Chrono Boost)  
  21  1:43  Pylon, Probe (Chrono Boost)  
  22  1:53  Probe (Chrono Boost)  
  23  2:03  Stalker (Chrono Boost)  
  23  2:04  Warp Gate (Chrono Boost), Probe (Chrono Boost)  
  26  2:15  Pylon  
  26  2:17  Robotics Facility  
  26  2:31  Adept  
  26  2:36  Gateway  
  28  2:37  Gateway  
  28  2:39  Mothership Core  
  30  2:52  Pylon  
  30  3:00  Probe  
  31  3:18  Nexus  
  31  3:21  Probe  
  31  3:24  Observer (Chrono Boost)  
  33  3:35  Probe  
  34  3:45  Warp Prism (Chrono Boost)  
  36  3:54  Probe  
  37  3:58  Pylon  
  37  4:06  Probe  
  38  4:16  Observer (Chrono Boost)  
  36  4:35  Probe  
  36  4:37  Probe  
  36  4:46  Probe  
  36  4:48  Immortal (Chrono Boost)  
  36  4:50  Twilight Council  
  36  4:51  Forge  
  41  4:53  Probe  
  41  5:02  Adept x2  
  45  5:10  Adept  
  47  5:24  Probe  
  47  5:35  Adept  
  47  5:36  Adept x2  
  52  5:51  Probe (Chrono Boost)  
  52  5:52  Probe (Chrono Boost)  
  54  5:59  Protoss Ground Weapons Level 1 (Chrono Boost)  
  54  6:03  Probe (Chrono Boost)  
  55  6:18  Probe x2 (Chrono Boost)  
  51  6:27  Immortal  
  51  6:31  Probe (Chrono Boost)  
  51  6:32  Probe (Chrono Boost)  
  55  6:41  Blink  
  55  6:42  Adept, Probe  
  55  6:43  Adept x2  
  62  6:51  Probe  
  62  6:54  Probe  
  52  6:57  Robotics Bay, Assimilator  
  52  6:58  Assimilator  
  52  7:03  Probe  
  52  7:04  Immortal  
  52  7:06  Sentry  
  55  7:14  Pylon  
  59  7:18  Probe  
  59  7:22  Stalker  
  62  7:34  Probe x2  
  64  7:39  Disruptor  
  64  7:47  Protoss Ground Weapons Level 2 (Chrono Boost)  
  64  7:48  Stalker  
  64  7:49  Pylon  
  69  8:05  Gateway  
  69  8:06  Gateway  
  69  8:10  Disruptor  
  69  8:13  Stalker  
  69  8:14  Stalker  
  76  8:20  Stalker  
  78  8:39  Pylon x2  
  78  8:41  Pylon  
  78  8:52  Warp Prism  
  78  8:54  Dark Shrine  
  80  9:10  Stalker x3  
  86  9:21  Stalker x2  
  86  9:23  Disruptor  
  90  9:25  Pylon  
  93  9:40  Stalker x3  
  99  9:50  Stalker x2  
  103  10:09  Stalker x2  
  103  10:10  Stalker  
  109  10:14  Pylon  
  109  10:15  Pylon  
  109  10:38  Dark Templar  
  109  10:39  Dark Templar x2  
  109  10:40  Adept  
  109  10:41  Adept  
  119  10:53  Disruptor  
  101  11:28  Photon Cannon  
  80  12:04  Photon Cannon  
  65  12:46  Stalker x2  
  65  12:47  Stalker  
Tags
 
Add a new tag
Caveats
  • Supply blocks, unpowered buildings, or Contaminate may cause inaccurate times.
  • Supply counts are checked every 10 seconds.